 Dungeon Crawl Stone Soup version 0.25-a0-482-g9b3b753f3f (webtiles) character file.

Game seed: 13259499981015272331, levelgen mode: classic

842 Drachen the Magician (level 7, -6/50 HPs)
             Began as a Demigod Wizard on June 12, 2019.
             Mangled by a small abomination (15 damage)
             ... on level 4 of the Dungeon on Feb 10, 2020.
             The game lasted 00:29:39 (5739 turns).

Drachen the Magician (Demigod Wizard)               Turns: 5739, Time: 00:29:39

Health: -6/50      AC:  3    Str: 10      XL:     7   Next: 40%
Magic:  13/16      EV: 12    Int: 26      God:
Gold:   165        SH:  0    Dex:  7 (14) Spells: 6/14 levels left

rFire    . . .     SeeInvis .   h - +2 short sword (protect)
rCold    . . .     Gourm    .   (no shield)
rNeg     . . .     Faith    .   a - +0 robe
rPois    .         Spirit   .   b - +0 hat
rElec    .         Reflect  .   (no cloak)
rCorr    .         Harm     .   i - +0 pair of gloves
MR       .....                  (no boots)
Stlth    ++........             (no amulet)
HPRegen  0.00/turn              (no ring)
MPRegen  0.15/turn              (no ring)

@: non-regenerating, diseased
A: high mp 1
a: no special abilities


You were on level 4 of the Dungeon.
You were not hungry.

You visited 1 branch of the dungeon, and saw 4 of its levels.

You collected 165 gold pieces.

Inventory:

Hand Weapons
 h - a +2 short sword of protection (weapon)
Missiles
 n - 2 atropa-tipped darts
 o - 7 poisoned darts (quivered)
Armour
 a - a +0 robe (worn)
 b - a +0 hat (worn)
 i - a +0 pair of gloves (worn)
Wands
 c - a wand of flame (4)
 s - a wand of digging (1)
Scrolls
 g - 3 scrolls of enchant weapon
 l - a scroll of enchant armour {unknown}
 m - a scroll of remove curse {unknown}
 p - 2 scrolls of fear {unknown}
 r - a scroll of blinking {unknown}
 t - a scroll of teleportation {unknown}
Potions
 e - 2 potions of lignification
 j - 2 potions of brilliance
 k - a potion of curing
 q - a potion of resistance
Comestibles
 d - 6 rations


   Skills:
 - Level 2.0 Dodging
 - Level 2.0 Stealth
 + Level 4.0 Spellcasting
 + Level 3.5 Conjurations
 - Level 3.0 Summonings
 - Level 3.0 Translocations
 + Level 2.6 Air Magic
 + Level 2.7 Poison Magic


You had 6 spell levels left.
You knew the following spells:

 Your Spells              Type           Power        Failure   Level  Hunger
a - Magic Dart            Conj           ###.         1%          1    None
b - Blink                 Tloc           N/A          3%          2    None
c - Call Imp              Summ           ###.....     3%          2    None
d - Mephitic Cloud        Conj/Pois/Air  ###.....     8%          3    ##.....

Your spell library contained the following spells:

 Spells                   Type           Power        Failure   Level  Hunger
 Conjure Flame            Conj/Fire      ##......     12%         3    ##.....
 Slow                     Hex            #.......     13%         2    None


Dungeon Overview and Level Annotations

Branches:
Dungeon (4/15)
 Temple: D:4-7

Shops:
D:4 }

Portals:
Abyss: D:4

Annotations:
D:4 hewge1's ghost, amateur DEVM


Innate Abilities, Weirdness & Mutations

You have an increased reservoir of magic. (+10% MP)


Message History

You feel much better.
The small abomination closely misses you.
You feel ill. The crimson imp hits you.
Your crimson imp completely misses the kobold.
Hewge1's ghost shrieks, "Do you think the gods will protect you?"
The small abomination hits you but does no damage.
The crimson imp hits you but does no damage.
Your crimson imp blinks!
You feel ill. Hewge1's ghost casts a spell at you.
The ball explodes into a vile cloud!
The stinking cloud engulfs the small abomination but does no damage.
The stinking cloud engulfs you but does no damage.
The crimson imp blinks!
There is a transporter here.
You enter the transporter and appear at another place.
The small abomination hits you!!
* * * LOW HITPOINT WARNING * * *
The small abomination hits you!
You die...

#..............####
##.....##..........#
#..###....####.....#
#.##.##..##W.####..#
#.#.#.##.#.#x☼☼©#..#
#.###..###..##☼##..# #..#
#5..x.#####...#
##.###.##.##.......#
#...#..#.#..x@..#.##
#..©#5..##..###....##########
#..##..?#..##©##......#.....##
##.##....##.#...##............#
#..#....#.#####.##.............
#.##..##..x..#.##..............
##.#.#..##^#....#...............
##..#.###..K##...#...............
....###.##$####∩##.....[.........


You could see a small abomination.

Vanquished Creatures
  A hippogriff (D:3)
  Duvessa (D:4)
  3 quasits
  Natasha (thrice) (D:4)
  2 worker ants (D:4)
  3 adders
  2 worms (D:2)
  4 dart slugs
  2 leopard geckos
  7 orcs
  A ball python (D:4)
  13 bats
  8 giant cockroaches
  6 goblins
  4 hobgoblins
  3 jackals (D:3)
  7 kobolds
  A quokka (D:2)
  4 frilled lizards
  A leopard gecko skeleton (D:4)
  A quokka skeleton (D:4)
  6 rats
83 creatures vanquished.

Vanquished Creatures (collateral kills)
  Sigmund (D:4)
  A phantom (D:4)
  Dowan (D:4)
  An orc priest (D:3)
  A worker ant (D:4)
  An orc (D:3)
  A goblin (D:3)
7 creatures vanquished.

Grand Total: 90 creatures vanquished

Notes
Turn   | Place    | Note
-------+----------+-------------------------------------------
     0 | D:1      | Drachen the Demigod Wizard began the quest for the Orb.
     0 | D:1      | Reached XP level 1. HP: 14/14 MP: 6/6
    46 | D:1      | Reached skill level 1 in Conjurations
   422 | D:1      | Reached XP level 2. HP: 19/20 MP: 5/8
   423 | D:1      | Upgraded the game from 0.24-a0-422-g9eff3895ba to
                  | 0.24-a0-584-g9d6b971ae4
   423 | D:1      | Upgraded the game from 0.24-a0-584-g9d6b971ae4 to
                  | 0.25-a0-482-g9b3b753f3f
   514 | D:1      | Learned a level 2 spell: Blink
   580 | D:1      | Learned a level 2 spell: Call Imp
   682 | D:1      | Reached skill level 1 in Summonings
   682 | D:1      | Reached skill level 1 in Translocations
  1461 | D:2      | Reached XP level 3. HP: 26/26 MP: 3/9
  2465 | D:3      | Reached skill level 3 in Spellcasting
  2507 | D:3      | Noticed a hippogriff
  2797 | D:3      | Learned a level 3 spell: Mephitic Cloud
  3019 | D:3      | Reached XP level 4. HP: 25/33 MP: 2/11
  3734 | D:3      | Killed a hippogriff
  3734 | D:3      | Reached skill level 1 in Air Magic
  3734 | D:3      | Reached skill level 1 in Poison Magic
  3734 | D:3      | Reached XP level 5. HP: 17/38 MP: 0/13
  4158 | D:4      | Found Licebiav's Gadget Boutique.
  4159 | D:4      | Noticed Natasha
  4170 | D:4      | Killed Natasha
  4170 | D:4      | Reached XP level 6. HP: 37/45 MP: 9/14
  4292 | D:4      | Noticed an ancient zyme
  4331 | D:4      | Found a transporter.
  4449 | D:4      | Noticed hewge1's ghost (amateur DEVM)
  4471 | D:4      | Found a transporter.
  4480 | D:4      | Found a one-way gate to the infinite horrors of the Abyss.
  4555 | D:4      | Noticed Natasha
  4568 | D:4      | Killed Natasha
  4571 | D:4      | Noticed Sigmund
  4924 | D:4      | Killed Sigmund
  4924 | D:4      | Reached XP level 7. HP: 38/50 MP: 4/15
  4943 | D:4      | Noticed Natasha
  4952 | D:4      | Killed Natasha
  5261 | D:4      | Noticed Duvessa
  5261 | D:4      | Noticed Dowan
  5313 | D:4      | Killed Dowan
  5346 | D:4      | Killed Duvessa
  5346 | D:4      | Reached skill level 4 in Spellcasting
  5731 | D:4      | HP: 2/50 [crimson imp (1)]
  5739 | D:4      | Mangled by a small abomination

Levels and vault maps discovered:
D:1:      minmay_arrival_jagged, layout_basic
D:2:      layout_basic
D:3:      layout_loops_ring
D:4:      cheibrodos_quashed, layout_rooms, gammafunk_ghost_abyssal_escape,
          first_ration, serial_shops, shop, minmay_fountain_box, uniq_duvessa,
          uniq_sigmund, uniq_natasha

Skill      XL: |  1  2  3  4  5  6  7 |
---------------+----------------------+-----
Conjurations   | 1 2 3 |  3.5
Stealth        | 2 |  2.0
Dodging        | 2 |  2.0
Summonings     | 1 2 3 |  3.0
Translocations | 1 2 3 |  3.0
Spellcasting   | 3 4 |  4.0
Air Magic      | 1 2 |  2.6
Poison Magic   | 1 2 |  2.7

Action                   |  1- 3 |  4- 6 |  7- 9 || total
-------------------------+-------+-------+-------++-------
Melee: Unarmed           |    25 |     3 |       ||    28
       Short sword       |       |    25 |     5 ||    30
Throw: Dart              |       |    10 |    10 ||    20
 Cast: Magic Dart        |   135 |   102 |    12 ||   249
       Call Imp          |     3 |    11 |     7 ||    21
       Mephitic Cloud    |     1 |     6 |     3 ||    10
       Blink             |       |       |     2 ||     2
Evoke: Wand              |       |       |     8 ||     8
  Use: Scroll            |     3 |       |       ||     3
       Potion            |       |     6 |     1 ||     7
 Stab: Sleeping          |       |     1 |       ||     1
       Confused          |       |     2 |       ||     2
  Eat: Chunk             |     4 |     3 |       ||     7
       Ration            |     1 |     1 |     1 ||     3
Armor: Robe              |    17 |    44 |    12 ||    73
Dodge: Dodged            |    62 |    72 |    23 ||   157

Table legend:
 A = Non-vault XP
 B = Vault XP
 C = Vault XP percentage of total XP
 D = Non-vault monster count
 E = Vault monster count
 F = Vault count percentage of total count
                 A         B        C        D         E       F
            +---------+---------+-------+---------+---------+-------
      Total |     715 |     489 |  40.6 |      83 |       7 |   7.8
            +---------+---------+-------+---------+---------+-------
        D:1 |      35 |       0 |   0.0 |      18 |       0 |   0.0
        D:2 |      62 |       0 |   0.0 |      27 |       0 |   0.0
        D:3 |     348 |      87 |  20.0 |      24 |       2 |   7.7
        D:4 |     270 |     402 |  59.8 |      14 |       5 |  26.3
            +---------+---------+-------+---------+---------+-------
